Map: Catalyst LE

Players

FortyFive - Winner!

  • Race: Protoss Protoss
  • Spawn Location: 5:00

fruitcake

  • Race: Terran Terran
  • Spawn Location: 11:00

VOD

Have the link to the VOD?

Description

Time

  • Played on: May 12, 2018, 10:41 a.m.
  • Length: 18:34
Show
View Real Time Build Order
Export as new Build Order

FortyFive Protoss - Winner!

Build Orders: Oracle Opening 

Get SALT Encoding   

  1  0:00  Probe  
  12  0:06  Probe  
  14  0:16  Probe  
  15  0:25  Pylon  
  15  0:41  Pylon  
  15  0:43  Probe  
  16  0:51  Gateway  
  16  0:54  Probe  
  17  0:59  Assimilator  
  17  1:02  Probe  
  17  1:09  Assimilator  
  17  1:10  Probe  
  19  1:22  Forge  
  19  1:28  Probe  
  20  1:40  Probe  
  20  1:41  Cybernetics Core  
  21  1:52  Probe  
  22  1:59  Pylon  
  22  2:13  Pylon  
  22  2:19  Photon Cannon  
  22  2:32  Stargate  
  22  2:35  Probe  
  23  2:42  Stalker  
  25  2:52  Probe  
  26  3:01  Gateway  
  26  3:03  Photon Cannon  
  26  3:04  Probe  
  27  3:06  Oracle  
  30  3:21  Warp Gate  
  30  3:22  Probe  
  31  3:30  Probe  
  31  3:40  Probe  
  32  3:42  Photon Cannon  
  32  3:45  Oracle  
  36  3:52  Probe  
  37  4:03  Probe  
  38  4:11  Probe  
  39  4:19  Probe  
  39  4:22  Nexus  
  40  4:33  Stalker  
  40  4:36  Stalker  
  44  4:41  Pylon  
  44  4:47  Protoss Shields Level 1  
  44  5:37  Shield Battery  
  44  5:41  Shield Battery  
  44  5:42  Stalker  
  46  5:51  Pylon  
  46  5:54  Stalker  
  46  5:55  Pylon  
  48  6:02  Twilight Council  
  48  6:12  Photon Cannon  
  48  6:13  Photon Cannon  
  48  6:15  Photon Cannon  
  48  6:18  Photon Cannon  
  48  6:19  Photon Cannon  
  48  6:21  Shield Battery  
  48  6:30  Assimilator, Probe  
  48  6:32  Assimilator  
  49  6:42  Probe  
  49  6:44  Dark Shrine  
  50  6:48  Gateway  
  50  6:51  Gateway  
  50  6:53  Pylon  
  50  6:54  Probe  
  50  6:56  Gateway  
  51  7:06  Probe  
  52  7:08  Stalker  
  52  7:09  Stalker  
  56  7:17  Pylon  
  56  7:24  Pylon  
  56  7:26  Pylon  
  56  7:31  Probe  
  57  7:38  Charge  
  57  7:41  Shield Battery  
  57  7:44  Probe  
  58  7:56  Probe  
  59  8:08  Probe  
  59  8:09  Protoss Shields Level 2  
  60  8:15  Protoss Air Weapons Level 1  
  60  8:21  Pylon  
  60  9:13  Stalker x4  
  60  9:14  Stalker  
  67  9:50  Dark Templar x2  
  67  9:51  Dark Templar x3  
  77  10:17  Photon Cannon  
  77  10:18  Photon Cannon  
  77  10:19  Photon Cannon  
  77  10:21  Shield Battery  
  77  10:23  Photon Cannon  
  77  10:33  Nexus  
  77  10:37  Pylon  
  77  10:40  Pylon  
  77  10:41  Pylon  
  77  10:44  Pylon  
  77  10:53  Protoss Shields Level 3  
  77  11:00  Robotics Facility  
  77  11:02  Robotics Facility  
  77  11:17  Shield Battery  
  77  11:19  Shield Battery  
  77  11:22  Photon Cannon  
  77  11:25  Photon Cannon x2  
  77  11:29  Photon Cannon  
  77  11:31  Shield Battery  
  77  11:39  Assimilator  
  77  11:44  Assimilator  
  77  11:52  Probe  
  78  11:56  Dark Templar x4  
  78  11:57  Dark Templar  
  88  12:04  Probe  
  89  12:16  Probe, Archon x4  
  89  12:17  Archon  
  90  12:24  Observer x2  
  90  12:29  Probe  
  93  12:32  Gateway  
  93  12:33  Gateway  
  93  12:35  Gateway  
  93  12:36  Gateway  
  93  12:41  Probe  
  94  12:48  Zealot x2  
  94  12:49  Zealot x3  
  104  13:03  Probe  
  104  13:11  Probe  
  105  13:15  Protoss Air Armor Level 1  
  105  13:18  Pylon  
  114  13:20  Probe, Immortal x2  
  114  13:24  Pylon  
  114  13:26  Pylon  
  115  13:33  Probe  
  116  13:34  Protoss Ground Weapons Level 1  
  116  13:40  Pylon  
  116  13:45  Probe  
  117  14:23  Probe  
  118  14:30  Warp Prism  
  118  14:31  Warp Prism  
  122  14:35  Probe  
  123  14:47  Dark Templar x2  
  123  14:48  Dark Templar x2  
  131  15:18  Archon x2  
  131  15:41  Zealot  
  131  15:42  Zealot x4  
  139  15:43  Zealot x3  
  139  15:44  Zealot  
  149  15:56  Nexus  
  149  15:59  Pylon  
  149  16:01  Pylon  
  149  18:06  Dark Templar x3  
  149  18:07  Dark Templar x6  
Show
View Real Time Build Order
Export as new Build Order

fruitcake Terran 

Build Orders:  

Get SALT Encoding   

  12  0:00  SCV  
  13  0:19  Supply Depot  
  13  0:20  SCV  
  14  0:32  SCV  
  14  0:35  Refinery  
  15  0:43  Barracks  
  15  0:53  SCV  
  16  1:05  SCV, Supply Depot  
  17  1:17  SCV  
  18  1:28  Barracks  
  18  1:29  SCV  
  19  1:34  Marine  
  20  1:42  SCV  
  21  1:52  Marine  
  21  2:12  Barracks Reactor  
  21  2:19  Barracks Reactor  
  21  2:21  Barracks  
  21  2:35  Orbital Command  
  21  2:37  Bunker  
  21  2:45  Barracks  
  21  2:51  Marine x2  
  23  3:03  Marine  
  23  3:04  Supply Depot  
  24  3:08  Marine x2  
  24  3:10  Marine  
  27  3:15  Barracks Reactor  
  27  3:20  Engineering Bay  
  27  3:25  Marine  
  27  3:26  Marine x2  
  30  3:27  Marine  
  30  3:32  Supply Depot  
  31  3:34  Barracks Tech Lab  
  31  3:44  Marine x2, Supply Depot  
  31  3:47  Marine  
  34  3:51  Marine  
  34  3:52  Marine  
  36  3:59  Stimpack  
  36  4:07  Marine x2  
  36  4:08  Marine  
  39  4:15  Terran Infantry Weapons Level 1  
  39  4:18  Marine  
  39  4:22  Marine  
  41  4:28  Marine  
  41  4:29  Marine  
  43  4:36  Supply Depot  
  43  4:40  Marine  
  43  4:44  Marine  
  45  4:47  Marine  
  46  4:53  Marine  
  40  5:27  Marine x2  
  42  5:48  Missile Turret  
  42  6:03  Missile Turret  
  42  6:04  Marine, Marauder  
  42  6:06  Marine  
  46  6:19  Terran Infantry Armor Level 1  
  46  6:20  Marine x2  
  46  6:23  Marine  
  49  6:28  SCV  
  50  6:44  Marine  
  50  6:45  Marine, Marauder  
  54  6:50  Marine  
  33  7:13  Marine x3  
  31  7:20  SCV  
  32  7:32  SCV  
  33  7:44  SCV  
  33  7:45  Marine x3  
  33  7:46  Marine, Marauder  
  40  7:55  Marine  
  40  7:56  SCV, Marine  
  43  8:07  Marine  
  43  8:09  SCV  
  45  8:17  Marine x2  
  47  8:20  Marine  
  47  8:23  Marine  
  47  8:26  SCV  
  50  8:30  Marine  
  50  8:32  Marine  
  52  8:38  Marine x2  
  54  8:41  Marine  
  54  8:44  Marine  
  56  8:53  Supply Depot  
  56  8:55  Marine  
  57  9:01  Marine x2  
  57  9:05  Marine x2  
  59  9:13  Marine  
  59  9:14  Marine  
  60  9:19  Marine  
  60  9:22  Marine  
  61  9:24  Marine  
  61  9:25  Marine  
  55  9:42  Marine  
  56  10:00  Command Center  
  56  10:11  Missile Turret  
  56  10:16  Refinery  
  56  10:18  Factory  
  56  10:19  Barracks Reactor  
  56  10:21  Barracks Reactor  
  56  10:23  Barracks Tech Lab  
  56  10:36  Missile Turret  
  56  10:39  SCV  
  57  10:52  SCV  
  57  10:56  Barracks Reactor  
  58  10:57  Barracks Tech Lab  
  58  11:00  Barracks Reactor  
  58  11:04  SCV  
  59  11:13  SCV  
  59  11:16  SCV  
  61  11:25  SCV  
  62  11:28  SCV  
  62  11:30  Starport  
  63  11:42  Armory  
  63  11:45  Supply Depot  
  63  11:50  Refinery  
  63  11:51  Orbital Command, Refinery  
  63  12:00  Liberator  
  63  12:07  Starport  
  63  12:08  Supply Depot  
  63  12:13  Siege Tank  
  69  12:29  Marine x2, Barracks Reactor  
  71  12:30  Marine  
  71  12:31  SCV  
  71  12:32  Supply Depot  
  73  12:43  SCV  
  73  12:44  Terran Vehicle Weapons Level 1  
  74  12:45  Siege Tank  
  77  12:55  SCV  
  78  13:00  Terran Infantry Weapons Level 2  
  78  13:07  SCV  
  79  13:18  Siege Tank  
  79  13:19  SCV  
  83  13:32  SCV x2  
  85  13:49  Sensor Tower, Command Center  
  85  13:50  SCV  
  85  13:53  Siege Tank, Missile Turret  
  89  14:02  SCV  
  90  14:05  SCV  
  90  14:09  Medivac x2  
  95  14:14  SCV  
  95  14:15  Missile Turret  
  96  14:31  Siege Tank  
  99  14:34  Marine x2  
  99  14:36  Marine  
  99  14:37  Marine  
  103  14:39  Medivac x2  
  103  14:43  Supply Depot  
  103  14:44  Supply Depot  
  107  14:47  SCV  
  107  14:51  SCV  
  110  15:00  SCV  
  110  15:03  SCV x2, Siege Tank  
  115  15:10  Medivac  
  115  15:11  Sensor Tower, Medivac  
  115  15:12  SCV  
  120  15:15  SCV  
  120  15:16  SCV  
  120  15:18  Terran Vehicle Weapons Level 2  
  122  15:25  Refinery  
  122  15:29  Refinery  
  122  15:31  Orbital Command  
  122  15:36  SCV  
  122  15:39  Siege Tank  
  126  15:49  SCV  
  128  15:57  SCV  
  128  16:11  Siege Tank  
  131  16:58  Marine  
  131  16:59  Marine  
  133  17:05  Supply Depot  
  133  17:06  Supply Depot x2  
  133  17:07  Supply Depot  
  133  17:08  Supply Depot  
  133  17:28  Marine x8  
  141  17:30  Thor  
  139  17:43  SCV  
  140  17:54  Supply Depot  
  140  17:55  Supply Depot  
  140  17:57  Supply Depot  
Tags
 
Add a new tag
Caveats
  • Supply blocks, unpowered buildings, or Contaminate may cause inaccurate times.
  • Supply counts are checked every 10 seconds.